 Dungeon Crawl Stone Soup version 0.25.1-9-gc5326a611f (webtiles) character file.

Game seed: 13884301221736540126

13525 hawla the Thaumaturge (level 11, -21/59 HPs)
             Began as a Grey Draconian Conjurer on Dec 25, 2020.
             Was a Priest of Vehumet.
             Hit by a silver javelin thrown by a minotaur (24 damage)
             ... in a Gauntlet.
             The game lasted 00:51:04 (15379 turns).

hawla the Thaumaturge (Grey Draconian Conjurer)    Turns: 15379, Time: 00:51:05

Health: -21/59     AC: 19    Str: 11      XL:     11   Next: 76%
Magic:  18/23      EV: 12    Int: 15 (16) God:    Vehumet [***...]
Gold:   704        SH:  6    Dex: 20 (21) Spells: 23/33 levels left

rFire    . . .     SeeInvis .   a - staff of earth
rCold    + . .     Gourm    .   K - +0 buckler
rNeg     . . .     Faith    .   (armour unavailable)
rPois    .         Spirit   .   e - +1 hat "Puorgh" {rC+ Dex+5}
rElec    .         Reflect  .   (no cloak)
rCorr    .         Harm     .   S - +0 pair of gloves
MR       .....     Rnd*Rage +   q - +0 pair of boots Stlth +++.......NoTele +
                                f - amulet of the acrobat
HPRegen  0.00/turn              r - +6 ring of dexterity
MPRegen  0.18/turn              P - +4 ring of protection

@: no status effects
A: walk through water, unfitting armour, camouflage 1, berserk 2, blurry vision
2, clumsy 1, deterioration 2, dopey 1, frail 2, low mp 1, screaming 3, inhibited
regeneration, teleportitis 2, unbreathing, cold-blooded, AC +12
a: Renounce Religion


You were in a Gauntlet.
You worshipped Vehumet.
Vehumet was most pleased with you.
You were not hungry.

You visited 2 branches of the dungeon, and saw 13 of its levels.
You also visited: Gauntlet.

You collected 704 gold pieces.

Inventory:

Hand Weapons
 A - a +1 scimitar of flaming
 C - a +0 quarterstaff
 I - a +2 vorpal quarterstaff
 J - the +4 long sword of Oblopurphil {protect, MR+}
   (You found it on level 9 of the Dungeon)

   It grants its wielder temporary protection when it strikes (+7 to AC).
   It affects your resistance to hostile enchantments.
Missiles
 p - 7 javelins
 u - a throwing net
 w - 3 datura-tipped darts
 z - 22 boomerangs
 H - 27 poisoned darts (quivered)
Armour
 c - a +0 hat of see invisible
 e - the +1 hat "Puorgh" (worn) {rC+ Dex+5}
   (You found it in a Gauntlet)

   It affects your dexterity (+5).
   It protects you from cold.
 q - a +0 pair of boots (worn)
 K - a +0 buckler (worn)
 R - the +3 hat of Pondering {ponderous, MR+ MP+10 Int+5}
   (You found it on level 11 of the Dungeon)

   It affects your intelligence (+5).
   It affects your resistance to hostile enchantments.
   It affects your magic capacity (+10).
 S - a +0 pair of gloves (worn)
Magical Staves
 a - an uncursed staff of earth (weapon)
Jewellery
 f - an amulet of the acrobat (around neck)
 r - a +6 ring of dexterity (left hand)
 s - an uncursed ring of protection from fire
 G - a +6 ring of dexterity
 P - a +4 ring of protection (right hand)
 T - an uncursed ring of resist corrosion
Wands
 d - a wand of random effects (11)
 m - a wand of polymorph (8)
 n - a wand of disintegration (14)
 y - a wand of clouds (2)
 F - a wand of flame (13)
Scrolls
 g - 12 scrolls of remove curse
 h - 6 scrolls of fear
 k - a scroll of fog
 x - a scroll of amnesia
 E - a scroll of enchant armour
 L - a scroll of immolation {unknown}
 N - a scroll of enchant weapon {unknown}
Potions
 j - 3 potions of haste
 l - a potion of resistance
 B - 4 potions of degeneration
 D - a potion of stabbing
 M - a potion of brilliance
 O - a potion of flight
Comestibles
 b - 17 rations


   Skills:
 - Level 1.7 Dodging
 - Level 1.7 Stealth
 - Level 4.0 Shields
 + Level 11.5 Spellcasting
 - Level 9.4 Conjurations
 - Level 5.6 Translocations
 - Level 1.0 Fire Magic
   Level 5.4 Earth Magic
 - Level 8.0 Evocations


You had 23 spell levels left.
You knew the following spells:

 Your Spells              Type           Power        Failure   Level  Hunger
a - Magic Dart            Conj           ####         1%          1    None
b - Searing Ray           Conj           #####.       1%          2    None
c - Iskenderun's Mystic   Conj/Tloc      ####....     1%          4    ###....
d - Inner Flame           Hex/Fire       ##......     5%          3    None

Your spell library contained the following spells:

 Spells                   Type           Power        Failure   Level  Hunger
 Dazzling Flash           Conj/Hex       ###...       1%          3    None
 Fulminant Prism          Conj/Hex       ###.......   3%          4    ###....


Dungeon Overview and Level Annotations

Branches:
Dungeon (12/15)            Temple (1/1) D:4            Lair (0/6) D:10
    Orc (0/2) D:11        Gauntlet (1/1)

Altars:
Ashenzari
Cheibriados
Dithmenos
Elyvilon
Fedhas
Gozag
Hepliaklqana
Kikubaaqudgha
Makhleb
Nemelex Xobeh
Okawaru
Qazlal
Ru
Sif Muna
Trog
Uskayaw
Vehumet
Wu Jian
Xom
Yredelemnul
Zin
The Shining One
Beogh

Annotations:
D:7 3 runed translucent doors, arnso's ghost, novice GrFi
D:11 Scary monsters., Josephine Gauntlet 6 transporters, 3 runed translucent doors


Innate Abilities, Weirdness & Mutations

You can walk through water.
Your dull iron-grey scales are very hard. (AC +12)
You cannot fit into any form of body armour.
You can survive without breathing.
You are cold-blooded and may be slowed by cold attacks.
Your skin changes colour to match your surroundings (Stealth+).
You often lose your temper in combat.
Scrolls take you longer to read.
You are clumsy. (Dex -2)
Your body often deteriorates upon taking damage.
You are dopey. (Int -2)
You are very frail. (-20% HP)
Your magical capacity is low. (-10% MP)
You frequently scream uncontrollably at your foes.
You do not regenerate when monsters are visible.
You are sometimes teleported next to monsters.


Message History

The searing ray hits the minotaur but does no damage. (Press . to maintain the ray.)
The minotaur throws a silver javelin.
The silver javelin pierces through you! The silver sears you!
The searing ray hits the minotaur but does no damage.
The minotaur throws a silver javelin.
The silver javelin misses you.
Casting: Searing Ray (safe; 1% risk of failure)
Confirm with . or Enter, or press ? or * to list all spells.
Aiming: Searing Ray (safe; 1% risk of failure)
Press: ? - help, Shift-Dir - straight line, f/p - minotaur
Aim: a minotaur, wielding a +0 lajatang, wearing the cursed +1 gold dragon scales of Wu Jian's Wrath {+Blink rPois rF+ rC+ Str+2}, wearing an uncursed ring of protection from fire and quivering 17 silver javelins The searing ray hits the minotaur!
The minotaur is lightly wounded. (Press . to maintain the ray.)
The minotaur throws a silver javelin.
The silver javelin pierces through you!!
Ouch! That really hurt!
* * * LOW HITPOINT WARNING * * *
The silver sears you!
You die...

#..##.?=#..###...
#.......#..#....#
#########..#©...# #
.........∩.#....# .#
...........#....###H
#########..#©...#..
.).....^#..#....#.# ###
######^.#..###..#.#.....
#....##.#..≈##..@......8
.####.#.#..###..###.##.#
##.©.##.#..≈##...
#.####.##..###(.##
##....###..§#####
^######©#..##
.......##..≈#
#########.§##
.....§....§§#


You could see a minotaur.

Vanquished Creatures
  A death ooze (Gauntlet)
  Erolcha (D:11)
  A hydra (D:11)
  A two-headed ogre (D:10)
  Erica (D:8)
  A soul eater (Gauntlet)
  Nergalle (D:12)
  An ugly thing (D:12)
  A shining eye (Gauntlet)
  A cyclops (D:11)
  Joseph (D:9)
  Maggie (D:7)
  A kobold demonologist (D:12)
  A komodo dragon (D:12)
  A tengu conjurer (D:11)
  A troll (D:10)
  A hippogriff (D:10)
  A wyvern (D:11)
  2 wraiths (D:11)
  A yak (D:12)
  A golden eye (Gauntlet)
  A hungry ghost (D:8)
  Menkaure (D:5)
  A floating eye (Gauntlet)
  3 black bears
  2 sky beasts
  3 ice beasts
  An orc warrior (D:8)
  9 ogres
  A necrophage (D:9)
  3 centaurs
  A big kobold (D:9)
  6 bullfrogs
  A gnoll sergeant (D:8)
  5 scorpions
  A wyvern skeleton (D:9)
  8 killer bees (D:8)
  6 wights
  4 howler monkeys
  2 bullfrog zombies
  3 crimson imps
  A quasit (D:11)
  4 jellies (Gauntlet)
  2 bullfrog skeletons
  2 orc priests
  2 hounds (D:11)
  2 centaur skeletons
  5 iguanas
  7 orc wizards
  6 worker ants
  A killer bee zombie (D:10)
  Robin (D:3)
  2 worker ant zombies
  8 gnolls
  15 adders
  7 shadow imps
  An ooze (D:4)
  2 adder zombies
  3 worms
  14 dart slugs
  4 leopard geckos
  35 orcs
  8 giant cockroaches
  13 goblins
  12 hobgoblins
  24 jackals
  3 quokkas
  9 bats
  8 frilled lizards
  4 kobolds
  11 rats
300 creatures vanquished.

Notes
Turn   | Place    | Note
-------+----------+-------------------------------------------
     0 | D:1      | hawla the Draconian Conjurer began the quest for the Orb.
     0 | D:1      | Reached XP level 1. HP: 14/14 MP: 3/3
   372 | D:1      | Reached XP level 2. HP: 20/20 MP: 0/5
   564 | D:1      | Learned a level 2 spell: Searing Ray
  1084 | D:1      | Reached XP level 3. HP: 12/26 MP: 0/7
  1600 | D:2      | Reached skill level 3 in Spellcasting
  1837 | D:2      | Reached XP level 4. HP: 33/33 MP: 6/8
  2430 | D:3      | Noticed Robin
  2436 | D:3      | Reached skill level 5 in Conjurations
  2679 | D:3      | You fall into a shaft and drop 2 floors!
  2679 | D:5      | Entered Level 5 of the Dungeon
  2778 | D:5      | Found a bloodstained altar of Trog.
  2880 | D:5      | Reached XP level 5. HP: 38/38 MP: 5/10
  2959 | D:5      | Reached skill level 4 in Spellcasting
  2986 | D:5      | Noticed an ogre
  2997 | D:5      | Killed an ogre
  2997 | D:5      | Reached XP level 6. HP: 18/45 MP: 0/12
  3186 | D:5      | Noticed Menkaure
  3194 | D:5      | Killed Menkaure
  3194 | D:5      | Reached skill level 5 in Spellcasting
  3194 | D:5      | Your scales start taking on a dull iron-grey colour.
  3194 | D:5      | Reached XP level 7. HP: 15/50 MP: 6/14
  3194 | D:5      | Gained mutation: You can survive without breathing. [Grey
                  | Draconian growth]
  3203 | D:5      | Found an ornate altar of the Wu Jian Council.
  3923 | D:4      | Found a hide-covered altar of Uskayaw.
  4673 | D:3      | Killed Robin
  5276 | D:3      | Learned a level 4 spell: Iskenderun's Mystic Blast
  5328 | D:3      | Reached skill level 6 in Spellcasting
  5328 | D:3      | Reached skill level 1 in Translocations
  6106 | D:4      | Reached XP level 8. HP: 57/57 MP: 12/17
  6244 | D:4      | Found a staircase to the Ecumenical Temple.
  6257 | Temple   | Entered the Ecumenical Temple
  6940 | D:6      | Gained mutation: You tend to lose your temper in combat.
                  | [potion of mutation]
  6940 | D:6      | Gained mutation: Your large and strong wings let you fly
                  | indefinitely. [potion of mutation]
  7259 | D:6      | Found a radiant altar of Vehumet.
  7270 | D:6      | Became a worshipper of Vehumet
  7375 | D:6      | Reached skill level 1 in Evocations
  7909 | D:7      | Found an opulent altar of Gozag.
  8104 | D:7      | Reached skill level 7 in Spellcasting
  8323 | D:7      | Noticed Maggie
  8504 | D:7      | Killed Maggie
  8504 | D:7      | Reached XP level 9. HP: 22/62 MP: 5/19
  8767 | D:7      | Reached * piety under Vehumet
  8767 | D:7      | Offered knowledge of Freeze by Vehumet.
  8906 | D:7      | Found a shattered altar of Ashenzari.
  9127 | D:7      | Found a runed translucent gate.
  9127 | D:7      | Noticed arnso's ghost (novice GrFi)
  9128 | D:7      | Found a runed translucent gate.
  9129 | D:7      | Found a runed translucent gate.
  9324 | D:7      | Found a roughly hewn altar of Beogh.
  9601 | D:8      | Noticed Erica
  9612 | D:8      | Killed Erica
  9612 | D:8      | Reached skill level 5 in Translocations
  9925 | D:8      | Reached skill level 5 in Evocations
  9937 | D:8      | Reached skill level 8 in Spellcasting
 10170 | D:8      | Offered knowledge of Sandblast by Vehumet.
 10172 | D:8      | Reached ** piety under Vehumet
 10175 | D:8      | Learned a level 1 spell: Sandblast
 10180 | D:8      | Reached XP level 10. HP: 40/69 MP: 14/22
 10535 | D:8      | Reached skill level 1 in Earth Magic
 11878 | D:9      | Got a twisted long sword
 11879 | D:9      | Identified the +4 long sword of Oblopurphil {protect, MR+}
                  | (You found it on level 9 of the Dungeon)
 11966 | D:9      | Noticed Joseph
 11988 | D:9      | Killed Joseph
 12126 | D:9      | Offered knowledge of Static Discharge by Vehumet.
 12309 | D:10     | Entered Level 10 of the Dungeon
 12378 | D:10     | Noticed a two-headed ogre
 12386 | D:10     | Killed a two-headed ogre
 12386 | D:10     | Reached skill level 9 in Spellcasting
 12386 | D:10     | Reached skill level 5 in Earth Magic
 12459 | D:10     | Found a staircase to the Lair.
 13058 | D:11     | Reached skill level 1 in Shields
 13144 | D:11     | Noticed a cyclops
 13155 | D:11     | Killed a cyclops
 13155 | D:11     | Reached *** piety under Vehumet
 13321 | D:11     | Found the +3 hat of Pondering {ponderous, MR+ MP+10 Int+5}
 13476 | D:11     | Found a staircase to the Orcish Mines.
 13509 | D:11     | Noticed a tengu warrior
 13512 | D:11     | Noticed a white ugly thing
 13513 | D:11     | Found a hazy altar of Hepliaklqana.
 13514 | D:11     | Reached XP level 11. HP: 62/74 MP: 24/24
 13521 | D:11     | Noticed Josephine
 13654 | D:11     | Noticed a four-headed hydra
 13664 | D:11     | Killed a one-headed hydra
 14237 | D:12     | Noticed Erolcha
 14250 | D:11     | Killed Erolcha
 14330 | D:12     | Noticed Nergalle
 14332 | D:12     | Noticed a green ugly thing
 14346 | D:12     | Noticed a two-headed ogre
 14361 | D:12     | Noticed a centaur warrior
 14415 | D:12     | Killed a green ugly thing
 14415 | D:12     | Reached skill level 10 in Spellcasting
 14416 | D:12     | Killed Nergalle
 14424 | D:12     | Offered knowledge of Inner Flame by Vehumet.
 14439 | D:12     | Found a gate leading to a gauntlet.
 14444 | Gauntlet | Entered a Gauntlet
 14444 | Gauntlet | Found a transporter.
 14444 | Gauntlet | Found a transporter.
 14444 | Gauntlet | Found a transporter.
 14447 | Gauntlet | Noticed a soul eater
 14494 | Gauntlet | Learned a level 3 spell: Inner Flame
 14554 | Gauntlet | Found a transporter.
 14554 | Gauntlet | Found a transporter.
 14560 | Gauntlet | Found a runed translucent gate.
 14560 | Gauntlet | Noticed a soul eater
 14562 | Gauntlet | Found a transporter.
 14563 | Gauntlet | Found a runed translucent gate.
 14564 | Gauntlet | Found a runed translucent gate.
 14565 | Gauntlet | Found a transporter.
 14581 | Gauntlet | Found a transporter.
 14585 | Gauntlet | Noticed a purple ugly thing
 14586 | Gauntlet | Noticed a white ugly thing
 14587 | Gauntlet | Noticed a great orb of eyes
 14597 | Gauntlet | Found a transporter.
 14602 | Gauntlet | Noticed a death ooze
 14613 | Gauntlet | Found a transporter.
 14616 | Gauntlet | Found a transporter.
 14617 | Gauntlet | Noticed a shining eye
 14633 | Gauntlet | Found a transporter.
 14783 | Gauntlet | Killed a soul eater
 14783 | Gauntlet | Reached skill level 1 in Fire Magic
 14944 | Gauntlet | Got a dazzling short sword
 14945 | Gauntlet | Identified the cursed +1 short sword of Exquisite Torment
                  | {vorpal, rElec rF- rC+ Stlth+} (You found it in a Gauntlet)
 14988 | Gauntlet | Paralysed by a floating eye for 4 turns
 14991 | Gauntlet | Gained mutation: You are occasionally teleported next to
                  | monsters. [a shining eye]
 14992 | Gauntlet | Gained mutation: You are dopey. (Int -2) [a shining eye]
 14996 | Gauntlet | Gained mutation: You do not regenerate when monsters are
                  | visible. [a shining eye]
 14998 | Gauntlet | Paralysed by a floating eye for 4 turns
 14998 | Gauntlet | Gained mutation: Your magical capacity is low. (-10% MP) [a
                  | shining eye]
 15002 | Gauntlet | Gained mutation: You occasionally shout uncontrollably at
                  | your foes. [a shining eye]
 15013 | Gauntlet | Paralysed by a floating eye for 2 turns
 15019 | Gauntlet | Paralysed by a floating eye for 2 turns
 15035 | Gauntlet | Gained mutation: Your flesh is heat resistant. (rF+) [a
                  | shining eye]
 15039 | Gauntlet | Gained mutation: You often lose your temper in combat. [a
                  | shining eye]
 15048 | Gauntlet | Gained mutation: Scrolls take you a little longer to read.
                  | [a shining eye]
 15049 | Gauntlet | Gained mutation: You sometimes yell uncontrollably at your
                  | foes. [a shining eye]
 15052 | Gauntlet | Gained mutation: You are sometimes teleported next to
                  | monsters. [a shining eye]
 15055 | Gauntlet | Lost mutation: You often lose your temper in combat. [a
                  | shining eye]
 15060 | Gauntlet | Gained mutation: You often lose your temper in combat. [a
                  | shining eye]
 15063 | Gauntlet | Gained mutation: You are frail. (-10% HP) [a shining eye]
 15067 | Gauntlet | Gained mutation: Potions are less effective at restoring
                  | your health. [a shining eye]
 15075 | Gauntlet | Gained mutation: Scrolls take you longer to read. [a
                  | shining eye]
 15087 | Gauntlet | Gained mutation: Your body sometimes deteriorates upon
                  | taking damage. [a shining eye]
 15089 | Gauntlet | Gained mutation: You frequently scream uncontrollably at
                  | your foes. [a shining eye]
 15090 | Gauntlet | Gained mutation: You are very frail. (-20% HP) [a shining
                  | eye]
 15096 | Gauntlet | Gained mutation: You are clumsy. (Dex -2) [a shining eye]
 15098 | Gauntlet | Gained mutation: Your body often deteriorates upon taking
                  | damage. [a shining eye]
 15100 | Gauntlet | Lost mutation: Your flesh is heat resistant. (rF+) [a
                  | shining eye]
 15101 | Gauntlet | Killed a shining eye
 15101 | Gauntlet | Reached skill level 11 in Spellcasting
 15186 | Gauntlet | Got a shimmering hat
 15197 | Gauntlet | Identified the +1 hat "Puorgh" {rC+ Dex+5} (You found it in
                  | a Gauntlet)
 15219 | Gauntlet | Lost mutation: Your large and strong wings let you fly
                  | indefinitely. [potion of mutation]
 15219 | Gauntlet | Lost mutation: Potions are less effective at restoring your
                  | health. [potion of mutation]
 15219 | Gauntlet | Gained mutation: Your skin changes colour to match your
                  | surroundings (Stealth+). [potion of mutation]
 15239 | Gauntlet | Killed a death ooze
 15374 | Gauntlet | Identified the cursed +1 gold dragon scales of Wu Jian's
                  | Wrath {+Blink rPois rF+ rC+ Str+2}
 15374 | Gauntlet | Noticed a minotaur
 15379 | Gauntlet | Hit by a silver javelin thrown by a minotaur

Illustrated notes

Levels and vault maps discovered:
D:1:      saegor_arrival_simple_b, layout_loops_ring
D:2:      layout_loops_cross, first_ration
D:3:      kennysheep_slugbush, layout_basic, kennysheep_generic_room_2,
          uniq_robin
D:4:      layout_basic, lemuel_coloured_pillars_altar,
          minmay_temple_entry_butterflies
D:5:      layout_basic, old_standard_altar, bloody_trog,
          nicolae_ossuary_entry_monument, roderic_lattice_a, uniq_menkaure
D:6:      layout_basic, old_standard_altar
D:7:      layout_rooms, evilmike_ruin_ashenzari, old_standard_altar,
          biasface_ghost_orc_armoury, uniq_maggie
D:8:      layout_loops_cross, uniq_erica
D:9:      layout_rooms, blue_anna_alchemist [blue_anna_fruit_fields,
          blue_anna_fruit_fields], uniq_joseph
D:10:     layout_loops_ring, lair_entry_dummy
D:11:     layout_loops_ring, orc_0_dummy, basic_altar, minivault_10,
          small_chamber_with_monster, uniq_josephine
D:12:     hangedman_cross_stitches, layout_rooms, special_room
          [special_room_orc], gauntlet_entry_generic, kennysheep_crisscross,
          uniq_erolcha, uniq_nergalle
Temple:   nicolae_temple_elliptical
Gauntlet: minmay_gauntlet_mixed_big_or_small [gammafunk_gauntlet_arena_grid,
          minmay_gauntlet_arena_77_chump_sandwich,
          gammafunk_gauntlet_arena_corners, minmay_gauntlet_arena_77_run_for_it,
          gammafunk_gauntlet_arena_spirals, minmay_gauntlet_arena_77_two_lines,
          nicolae_gauntlet_exit_dead_adventurers]

Skill      XL: |  1  2  3  4  5  6  7  8  9 10 11 |
---------------+----------------------------------+-----
Spellcasting   | 3 4 5 6 7 8 9 11 | 11.5
Conjurations   | 5 6 7 8 9 |  9.4
Translocations | 1 4 5 |  5.6
Evocations     | 3 5 7 8 |  8.0
Earth Magic    | 5 |  5.4
Shields        | 1 4 |  4.0
Fire Magic     | 1 |  1.0
Dodging        | |  1.7
Stealth        | |  1.7

Action                   |  1- 3 |  4- 6 |  7- 9 | 10-12 || total
-------------------------+-------+-------+-------+-------++-------
Melee: Unarmed           |    43 |    15 |       |       ||    58
       Tailslap          |     1 |       |     5 |    12 ||    18
       Staff             |       |     2 |    76 |    92 ||   170
       Scimitar          |       |       |       |     5 ||     5
Throw: Dart              |       |       |       |     9 ||     9
       Javelin           |       |       |       |     1 ||     1
 Cast: Magic Dart        |    65 |    16 |   107 |    67 ||   255
       Searing Ray       |     6 |    16 |    89 |    81 ||   192
       Iskenderun's Myst |       |       |     5 |    44 ||    49
  Use: Scroll            |       |    10 |     5 |    16 ||    31
       Potion            |       |     3 |     1 |     9 ||    13
 Stab: Sleeping          |       |       |     1 |       ||     1
  Eat: Chunk             |     4 |     3 |    19 |     7 ||    33
       Ration            |       |     1 |       |     5 ||     6
Armor: Skin              |    20 |    31 |    64 |    85 ||   200
Dodge: Dodged            |    46 |    40 |   122 |   156 ||   364
Block: Buckler           |       |       |       |     1 ||     1
